 Dungeon Crawl Stone Soup version 0.29-a0-121-g8efb068a30 (webtiles) character file.

Game seed: 4396704131267913560

150 Gargoyl the Skirmisher (level 5, -12/33 HPs)
             Began as a Gargoyle Abyssal Knight on Feb 20, 2022.
             Was a Believer of Lugonu.
             Mangled by an ogre (16 damage)
             ... on level 4 of the Dungeon.
             The game lasted 00:02:45 (2734 turns).

Gargoyl the Skirmisher (Gargoyle Abyssal Knight)    Turns: 2734, Time: 00:02:46

Health: -12/33     AC: 10    Str: 19    XL:     5   Next: 32%
Magic:  6/6        EV: 10    Int: 10    God:    Lugonu [**....]
Gold:   183        SH:  0    Dex: 10    Spells: 4/4 levels left

rFire   . . .      SeeInvis .   a - +1 hand axe
rCold   . . .      Faith    .   (no shield)
rNeg    + . .      Spirit   .   i - +0 ring mail
rPois   ∞          Reflect  .   g - +0 helmet
rElec   +          Harm     .   (no cloak)
rCorr   .          Rampage  .   (no gloves)
Will    .....                   (no boots)
Stlth   +.........              (no amulet)
HPRegen 0.11/turn               (no ring)
MPRegen 0.10/turn               (no ring)

@: no status effects
A: sickness immunity, AC +4, negative energy resistance 1, electricity
resistance, torment resistance 1, petrification resistance
a: Renounce Religion, Depart the Abyss, Bend Space


You were on level 4 of the Dungeon.
You worshipped Lugonu.
Lugonu was pleased with you.
You visited 1 branch of the dungeon, and saw 4 of its levels.
You visited the Abyss 1 time.

You collected 183 gold pieces.

Inventory:

Hand Weapons
 a - a +1 hand axe (weapon)
Missiles
 c - 4 curare-tipped darts (quivered)
 h - 2 poisoned darts
Armour
 g - a +0 helmet (worn)
 i - a +0 ring mail (worn)
Scrolls
 j - a scroll of teleportation {unknown}
 k - a scroll of vulnerability {unknown}
 l - a scroll of identify
Potions
 b - a potion of heal wounds {unknown}
 d - a potion of magic {unknown}
 e - a potion of ambrosia
 f - a potion of lignification {unknown}


   Skills:
 + Level 4.0 Fighting
 + Level 3.4 Axes
 + Level 3.1 Armour
 + Level 1.2 Dodging
 + Level 1.4 Stealth
 + Level 2.1 Invocations


You had 4 spell levels left.
You didn't know any spells.
Your spell library contained the following spells:

 Spells                   Type           Power      Damage    Failure   Level
 Blink                    Tloc           0%         N/A       67%         2
 Dazzling Flash           Conj/Hex       0%         N/A       88%         3
 Iskenderun's Mystic Bla  Conj/Tloc      0%         2d3       99%         4
 Manifold Assault         Tloc           0%         N/A       100%        5
 Summon Forest            Summ/Tloc      0%         N/A       100%        5
 Eringya's Noxious Bog    Tmut/Pois      0%         N/A       100%        6
 Starburst                Conj/Fire      0%         6d3       100%        6
 Storm Form               Tmut/Air       0%         N/A       100%        7
 Summon Hydra             Summ           0%         N/A       100%        7


Dungeon Overview and Level Annotations

Branches:
Dungeon (4/15)
 Temple: D:4-7

Altars:
Makhleb


Innate Abilities, Weirdness & Mutations

You are immune to sickness and miasma.
Your stone body is resilient. (AC +4)
You are immune to poison.
You resist negative energy. (rN+)
You are resistant to electric shocks. (rElec)
You are resistant to unholy torment.
You are immune to petrification.


Message History

There is a stone staircase leading down here.
You climb downwards.
There is a stone staircase leading up here.
An orc is nearby!
An orc is nearby!
Found a scroll of identify.
You hit the orc.
The orc is lightly wounded.
The orc hits you with a +0 club.
You hit the orc.
The orc is almost dead.
The orc hits you but does no damage.
Unknown command.
You closely miss the orc.
The orc is almost dead.
The orc barely misses you.
You hit the orc but do no damage.
The orc is almost dead.
The orc barely misses you.
Unknown command.
You hit the orc.
You kill the orc!
Lugonu accepts your kill.
You see here a +0 club.
Unknown command.
HP restored.
l - a scroll of identify An ogre comes into view.
It is wielding a +0 giant club.
The ogre shouts!
An ogre is nearby!
An ogre is nearby!
You hit the ogre but do no damage.
The ogre hits you with a +0 giant club!!
Ouch! That really hurt!
* * * LOW HITPOINT WARNING * * *
You hit the ogre.
The ogre is lightly wounded.
The ogre hits you but does no damage.
You fail to use your ability.
The ogre hits you with a +0 giant club!
You die...

##..# ##...####
.......## ###
#........ ..
#...... #.
#...#
#..##.#####...#
#.....@......)#
#.###O######..#
#. #..#####. #.
#<.......# ..
#.######## ##
#.# #.# #.# #.#


You could see an ogre.

Vanquished Creatures
  A bullfrog zombie (D:3)
  6 adders
  A worm (D:3)
  2 dart slugs
  3 orcs
  2 bats
  7 endoplasms
  A giant cockroach (D:1)
  6 goblins
  5 hobgoblins
  4 jackals (D:3)
  A quokka (D:1)
  5 ball pythons
  4 frilled lizards
  2 kobolds
  4 rats
54 creatures vanquished.

Vanquished Creatures (others)
  4 plants (D:2)
4 creatures vanquished.

Grand Total: 58 creatures vanquished

Notes
Turn   | Place    | Note
-------+----------+-------------------------------------------
     0 | Abyss:1  | Gargoyl the Gargoyle Abyssal Knight began the quest for the
                  | Orb.
     0 | Abyss:1  | Reached XP level 1. HP: 14/14 MP: 2/2
     7 | D:1      | Escaped the Abyss
   340 | D:1      | Reached * piety under Lugonu
   341 | D:1      | Reached XP level 2. HP: 14/19 MP: 3/3
   494 | D:1      | Found a faded altar of an unknown god.
   777 | D:2      | Reached XP level 3. HP: 19/24 MP: 4/4
  1525 | D:3      | Reached skill level 1 in Dodging
  1533 | D:3      | Reached skill level 1 in Stealth
  1533 | D:3      | Reached XP level 4. HP: 21/29 MP: 5/5
  1714 | D:3      | Found a burning altar of Makhleb.
  1737 | D:3      | Reached skill level 4 in Fighting
  2337 | D:3      | Reached XP level 5. HP: 28/33 MP: 6/6
  2344 | D:3      | Reached ** piety under Lugonu
  2548 | D:3      | Identified the +4 longbow of Tomorrow {venom, rC- rN+++
                  | Str-5 SInv}
  2731 | D:4      | Noticed an ogre
  2734 | D:4      | Mangled by an ogre

Illustrated notes

Levels and vault maps discovered:
D:1:      sevenhm_arrival_forest_fort_large_2, layout_rooms,
          shapermc_ecumenical_altar_gd
D:2:      layout_rooms, serial_forest, infiniplex_forest_end_2,
          infiniplex_forest_zigzag_2, infiniplex_forest_lined_corner,
          infiniplex_forest_clump_long, infiniplex_forest_join,
          infiniplex_forest_clump_small
D:3:      layout_loops_ring, mainiacjoe_overflow_paths, kennysheep_cross_room
D:4:      minmay_wonky_spiral, layout_loops_corners, chei_slow_surprise,
          minmay_temple_entry_wispy, uniq_edmund

Skill      XL: |  1  2  3  4 |
---------------+-------------+-----
Axes           | 2 3 |  3.4
Dodging        | 1 |  1.2
Stealth        | 1 |  1.4
Fighting       | 4 |  4.0
Armour         | 3 |  3.1
Invocations    | |  2.1

Action                   |  1- 3 |  4- 6 || total
-------------------------+-------+-------++-------
Melee: Hand axe          |   102 |    99 ||   201
       Punch             |     2 |     2 ||     4
Invok: Depart the Abyss  |     1 |       ||     1
  Use: Scroll            |     4 |       ||     4
Armor: Leather armour    |    64 |       ||    64
       Ring mail         |       |    57 ||    57
Dodge: Dodged            |    92 |    57 ||   149

Table legend: (Time is in decaauts)
 A = Elapsed time spent in this place.
 B = Non-inter-level travel time spent in this place.
 C = Inter-level travel time spent in this place.
 D = Time resting spent in this place.
 E = Time spent auto-exploring this place.
 F = Levels seen in this place.
 G = Mean time per level.
                   A        B        C        D        E       F      G
               +--------+--------+--------+--------+--------+-----+--------+
         Total |   2772 |   2704 |     68 |      0 |   2085 |   5 |  554.4 |
       Dungeon |   2765 |   2697 |     68 |      0 |   2079 |   4 |  691.2 |
         Abyss |      7 |      7 |      0 |      0 |      6 |   1 |    7.0 |
               +--------+--------+--------+--------+--------+-----+--------+

Top non-repeatable levels by time:
     D:3: 1230 daAuts
     D:1: 772 daAuts
     D:2: 739 daAuts
     D:4: 23 daAuts
 Abyss:1: 7 daAuts
